 Dungeon Crawl Stone Soup version 0.31-a0-267-g3fc6992b3b (webtiles) character file.

Game seed: 8347538585290467469

161 qw the Shooter (level 5, -1/30 HPs)
             Began as a Gargoyle Hexslinger on July 13, 2023.
             Slain by a gnoll
             ... wielding a +0 spear
              (3 damage)
             ... on level 3 of the Dungeon.
             The game lasted 00:00:58 (2141 turns).

qw the Shooter (Gargoyle Hexslinger)                Turns: 2141, Time: 00:00:58

Health: -1/30      AC: 12    Str: 11    XL:     5   Next: 42%
Magic:  6/6        EV: 10    Int: 14    God:
Gold:   174        SH:  0    Dex: 14    Spells: 5/6 levels left

rFire   . . .        Y - +2 sling
rCold   . . .        (no shield)
rNeg    + . .        d - +0 ring mail
rPois   inf          f - +1 helmet {SInv}
rElec   +            (no cloak)
rCorr   .            g - +0 pair of gloves
SInv    +            (no boots)
Will    .....        (no amulet)
Stlth   +            (no ring)
HPRegen 0.25/turn    (no ring)
MPRegen 0.10/turn

%: no passive effects
@: no status effects
A: sickness immunity, AC +4, negative energy resistance 1, electricity
resistance, torment resistance 1, petrification resistance
a: no special abilities


You were on level 3 of the Dungeon.
You visited 1 branch of the dungeon, and saw 3 of its levels.

You collected 174 gold pieces.


Innate Abilities, Weirdness & Mutations

You are immune to sickness and miasma.
Your stone body is resilient. (AC +4)
You are immune to poison.
You resist negative energy. (rN+)
You are resistant to electric shocks. (rElec)
You are resistant to unholy torment.
You are immune to petrification.


   Skills:
 + Level 2.0 Fighting
 - Level 5.0 Ranged Weapons
 - Level 1.3 Armour
 - Level 1.5 Dodging
 - Level 1.0 Spellcasting
 - Level 2.6 Hexes


You had 5 spell levels left.
You knew the following spells:

 Your Spells              Type           Power      Damage    Failure   Level
a - Slow                  Hex            32%        N/A       21%         1

Your spell library contained the following spells:

 Spells                   Type           Power      Damage    Failure   Level
 Inner Flame              Hex/Fire       4%         N/A       71%         3
 Portal Projectile        Hex/Tloc       8%         N/A       71%         3
 Cause Fear               Hex            4%         N/A       90%         4

Inventory:

Hand Weapons
 Y - a +2 sling (weapon)
Armour
 d - a +0 ring mail (worn)
 f - a +1 helmet of see invisible (worn)
 g - a +0 pair of gloves (worn)
Jewellery
 b - an amulet of faith
Scrolls
 a - 3 scrolls of identify
Potions
 h - a potion of might

Dungeon Overview and Level Annotations

Branches:
Dungeon (3/15)

Altars:


Message History

You start resting.
A gnoll is nearby!
You shoot a sling bullet.
The sling bullet barely misses the gnoll.
You shoot a sling bullet.
The sling bullet barely misses the gnoll.
You shoot a sling bullet.
The sling bullet barely misses the gnoll.
The gnoll completely misses you. The gnoll hits you but does no damage.
You shoot a sling bullet.
The sling bullet barely misses the gnoll.
The gnoll closely misses you. The gnoll hits you but does no damage.
You shoot a sling bullet. The sling bullet hits the gnoll.
The gnoll is heavily wounded.
The gnoll hits you but does no damage. The gnoll completely misses you.
The gnoll hits you but does no damage. x2
You shoot a sling bullet.
The sling bullet barely misses the gnoll.
The gnoll barely misses you. The gnoll hits you but does no damage.
You shoot a sling bullet. The sling bullet hits the gnoll.
The gnoll is heavily wounded.
The gnoll closely misses you. The gnoll hits you with a +0 spear.
You shoot a sling bullet.
The sling bullet closely misses the gnoll.
The gnoll hits you but does no damage. The gnoll misses you.
The gnoll hits you but does no damage. The gnoll closely misses you.
You shoot a sling bullet.
The sling bullet completely misses the gnoll.
The gnoll hits you but does no damage. The gnoll hits you with a +0 spear.
You shoot a sling bullet. The sling bullet hits the gnoll!
You kill the gnoll!
The gnoll hits you from afar with a +0 spear.
Your Ranged Weapons skill increases to level 5!
You shoot a sling bullet.
The sling bullet closely misses the gnoll.
The gnoll hits you from afar with a +0 spear. x2
You shoot a sling bullet.
The sling bullet barely misses the gnoll.
The gnoll hits you from afar with a +0 spear.
You die...

#.# #.# ...... .# .. #.#
###### ..... .# #.. #.#
#....# .... .##.). ##)#
#....# ...##..... ...#
#....# .......# ####
#.^..# .g....# #....#
#+#g....# #....#
#@#)....# #....#
#.)g....# #####....##
###.......#
#...+.....###.........#
##.###.....##..#.#.....#
.........#.##.##.#.....#
##.####.##.##.##.#######
.#.# #.##....##.#
...####.##..####.#


You could see a gnoll.

Vanquished Creatures
  Robin (D:2)
  5 gnolls
  4 adders
  2 worms
  A dart slug (D:1)
  2 ball pythons
  6 endoplasms
  A giant cockroach (D:2)
  11 goblins
  3 hobgoblins
  2 jackals (D:1)
  6 kobolds
  2 quokkas (D:1)
  8 bats
  4 frilled lizards (D:2)
  4 rats
62 creatures vanquished.

Notes
Turn   | Place    | Note
-------+----------+-------------------------------------------
     0 | D:1      | qw the Gargoyle Hexslinger began the quest for the Orb.
     0 | D:1      | Reached XP level 1. HP: 12/12 MP: 2/2
     0 | D:1      | 0 ||| qw: Version: 0.3-a-52-g30416fa
     0 | D:1      | 0 ||| qw: Game counter: 7722
     0 | D:1      | 0 ||| qw: Melee chars always use a shield: true
     0 | D:1      | 0 ||| qw: God list: Okawaru
     0 | D:1      | 0 ||| qw: Allow faded altars: false
     0 | D:1      | 0 ||| qw: Do Orc after clearing Dungeon:15 true
     0 | D:1      | 0 ||| qw: Do second Lair branch before Depths: true
     0 | D:1      | 0 ||| qw: Lair rune preference: random
     0 | D:1      | 0 ||| qw: Goals: Normal
     0 | D:1      | 0 ||| PLANNING D:1-11
   189 | D:1      | Reached XP level 2. HP: 16/16 MP: 3/3
   262 | D:1      | Reached skill level 3 in Ranged Weapons
   808 | D:1      | Reached XP level 3. HP: 10/21 MP: 4/4
   870 | D:1      | 870 ||| UPGRADING to +0 ring mail.
   880 | D:1      | 880 ||| DROPPING +0 robe.
   881 | D:1      | 881 ||| READING 4 scrolls labelled BEOTEY CIVEFES.
   882 | D:1      | 882 ||| READING scroll labelled ELYSHU KOURUB.
   883 | D:1      | 883 ||| READING scroll labelled CEZUAZ JAENAIL.
   884 | D:1      | 884 ||| READING scroll labelled MOYTUFUSEH.
   885 | D:1      | 885 ||| READING scroll labelled FIMNAPN PARO.
   886 | D:1      | 886 ||| READING 3 scrolls of identify.
   886 | D:1      | 886 ||| IDENTIFYING amethyst potion
   887 | D:1      | 887 ||| READING 2 scrolls of identify.
   887 | D:1      | 887 ||| IDENTIFYING sedimented orange potion
   888 | D:1      | 888 ||| DROPPING scroll of poison.
  1193 | D:2      | Reached XP level 4. HP: 26/26 MP: 5/5
  1201 | D:2      | Reached skill level 4 in Ranged Weapons
  1201 | D:2      | 1201 ||| FLEEEEING.
  1202 | D:2      | 1202 ||| FLEEEEING.
  1203 | D:2      | 1203 ||| FLEEEEING.
  1204 | D:2      | 1204 ||| FLEEEEING.
  1205 | D:2      | 1205 ||| FLEEEEING.
  1206 | D:2      | 1206 ||| FLEEEEING.
  1207 | D:2      | 1207 ||| FLEEEEING.
  1208 | D:2      | 1208 ||| FLEEEEING.
  1209 | D:2      | 1209 ||| FLEEEEING.
  1210 | D:2      | 1210 ||| FLEEEEING.
  1211 | D:2      | 1211 ||| FLEEEEING.
  1212 | D:2      | 1212 ||| FLEEEEING.
  1214 | D:2      | 1214 ||| FLEEEEING.
  1215 | D:2      | 1215 ||| FLEEEEING.
  1231 | D:2      | Found a faded altar of an unknown god.
  1412 | D:2      | Reached skill level 1 in Armour
  1594 | D:2      | Noticed Robin
  1607 | D:2      | HP: 5/26 [goblin/+0 club[Robin] (4)]
  1608 | D:2      | 1608 ||| DRINKING 2 potions of heal wounds.
  1611 | D:2      | Killed Robin
  1612 | D:2      | Reached XP level 5. HP: 4/30 MP: 6/6
  1612 | D:2      | 1612 ||| DRINKING potion of heal wounds.
  1815 | D:2      | 1815 ||| UPGRADING to +1 helmet of see invisible.
  1820 | D:2      | 1820 ||| UPGRADING to +0 pair of gloves.
  1825 | D:2      | 1825 ||| READING scroll labelled XUFEV VUOHANAY.
  1826 | D:2      | 1826 ||| READING scroll labelled IGHITU HYLO.
  1827 | D:2      | 1827 ||| READING scroll labelled GUMENNINKAO.
  1928 | D:2      | 1928 ||| READING scroll labelled NEPPYHANAN.
  2116 | D:3      | Found the +5 demon whip "Spellbinder" {antimagic, disrupt,
                  | Will+}
  2120 | D:3      | 2120 ||| Stepping ~*~*~tactically~*~*~ (outnumbered).
  2121 | D:3      | 2121 ||| Stepping ~*~*~tactically~*~*~ (outnumbered).
  2128 | D:3      | 2128 ||| Stepping ~*~*~tactically~*~*~ (outnumbered).
  2136 | D:3      | HP: 6/30 [gnoll/+0 spear (5)]
  2140 | D:3      | Reached skill level 5 in Ranged Weapons
  2140 | D:3      | HP: 2/30 [gnoll/+0 spear (2)]
  2141 | D:3      | Slain by a gnoll

Levels and vault maps discovered:
D:1:      dpeg_arrival_windows_large_door, layout_basic, serial_forest,
          infiniplex_forest_straight_2, infiniplex_forest_lined_corner,
          infiniplex_forest_clump_cross, infiniplex_forest_straight_4,
          infiniplex_forest_lined_corner, infiniplex_forest_straight_1,
          chequers_avenue
D:2:      wander_river, layout_loops_ring, shapermc_ecumenical_altar_notcrosses,
          serial_bayou_pond_a, minmay_increasing_density, uniq_robin
D:3:      layout_basic, mainiacjoe_overflow_alcove_4, minmay_circle_x

Skill      XL: |  1  2  3  4  5 |
---------------+----------------+-----
Ranged Weapons | 3 4 5 |  5.0
Fighting       | 2 |  2.0
Armour         | 1 |  1.3
Dodging        | |  1.5
Spellcasting   | |  1.0
Hexes          | |  2.6

Action                     |  1- 3 |  4- 6 || total
---------------------------+-------+-------++-------
   Fire: Sling             |   115 |   112 ||   227
    Use: Scroll            |     7 |     4 ||    11
         Potion            |       |     2 ||     2
 Armour: Robe              |    24 |       ||    24
         Ring mail         |     5 |    56 ||    61
  Dodge: Dodged            |    34 |    48 ||    82

Table legend:
 A = Non-vault XP
 B = Vault XP
 C = Vault XP percentage of total XP
 D = Non-vault monster count
 E = Vault monster count
 F = Vault count percentage of total count
                 A         B        C        D         E       F
            +---------+---------+-------+---------+---------+-------
      Total |     189 |      41 |  17.8 |      46 |      16 |  25.8
            +---------+---------+-------+---------+---------+-------
        D:1 |      34 |       0 |   0.0 |      19 |       0 |   0.0
        D:2 |     103 |      41 |  28.5 |      20 |      16 |  44.4
        D:3 |      52 |       0 |   0.0 |       7 |       0 |   0.0
            +---------+---------+-------+---------+---------+-------
